 Dungeon Crawl Stone Soup version 0.26.1-2-gb8aa6d0cf2 (webtiles) character file.

Game seed: 17482070294953564448

697 Vandroopy the Cutter (level 7, 0/54 HPs)
             Began as a Human Fighter on Feb 15, 2021.
             Was a Follower of Okawaru.
             Succumbed to a big kobold's poison
             ... on level 5 of the Dungeon.
             The game lasted 00:25:37 (4704 turns).

Vandroopy the Cutter (Human Fighter)                Turns: 4704, Time: 00:25:38

Health: 0/54       AC: 13    Str: 18    XL:     7   Next: 97%
Magic:  7/7        EV: 19    Int:  9    God:    Okawaru [*.....]
Gold:   285        SH:  9    Dex: 12    Spells: 6/6 levels left

rFire    + + .     SeeInvis .   a - +0 rapier
rCold    + . .     Faith    .   c - +0 kite shield
rNeg     . . .     Spirit   .   w - +1 plate armour
rPois    +         Reflect  .   (no helmet)
rElec    +         Harm     .   (no cloak)
rCorr    +         Rampage  .   (no gloves)
Will     .....                  (no boots)
Stlth    ..........             q - amulet of the acrobat
HPRegen  0.18/turn              k - ring of protection from fire
MPRegen  0.10/turn              (no ring)

@: mighty, brilliant, lethally poisoned (0 -> -6), resistant, berserk cooldown,
acrobat, very slightly contaminated, slowed, invisible, very slow
A: no striking features
a: Renounce Religion, Heroism


You were on level 5 of the Dungeon.
You worshipped Okawaru.
Okawaru was aware of your devotion.
You visited 1 branch of the dungeon, and saw 5 of its levels.

You collected 285 gold pieces.

Inventory:

Hand Weapons
 a - a +0 rapier (weapon)
Armour
 c - a +0 kite shield (worn)
 w - a +1 plate armour (worn)
Jewellery
 k - a ring of protection from fire (left hand)
 q - an amulet of the acrobat (around neck)
Wands
 t - a wand of random effects (4)
Scrolls
 e - 5 scrolls of magic mapping
 h - 4 scrolls of remove curse
 n - 2 scrolls of teleportation
 o - 4 scrolls of identify
 s - 2 scrolls of enchant weapon
Potions
 i - 2 potions of attraction
 j - 3 potions of haste
 m - 2 potions of lignification


   Skills:
 + Level 4.0 Fighting
 * Level 6.0 Short Blades
 + Level 4.6 Armour
 + Level 1.5 Dodging
 + Level 4.2 Shields


You had 6 spell levels left.
You didn't know any spells.
Your spell library was empty.

Dungeon Overview and Level Annotations

Branches:
Dungeon (5/15)
 Temple: D:4-7

Altars:
Dithmenos
Fedhas
Okawaru
Vehumet


Message History

As you read the scroll of teleportation, it crumbles to dust.
You feel strangely unstable.
* * * LOW HITPOINT WARNING * * *
You feel sick.
There is a lethal amount of poison in your body!
Okay, then.
Unknown command.
Unknown command.
Unknown command.
Your surroundings suddenly seem different.
* * * LOW HITPOINT WARNING * * *
You feel sick.
An iguana comes into view.
The iguana hisses angrily.
The iguana completely misses you.
* * * LOW HITPOINT WARNING * * *
You feel sick.
* * * LOW HITPOINT WARNING * * *
You feel sick. The iguana completely misses you.
You die...

# #. #####. ###
......#######.....
#.......@...#
#.#...l..##.....
###.#### ### #.#
#.# #^# ... ###


You could see an iguana.

Vanquished Creatures
  A centaur (D:5)
  A big kobold (D:5)
  A bullfrog (D:5)
  A water moccasin skeleton (D:4)
  A hound (D:5)
  An iguana (D:4)
  Ijyb (D:3)
  Terence (D:3)
  5 worker ants
  A hound skeleton (D:4)
  A howler monkey skeleton (D:4)
  4 adders
  2 gnolls (D:2)
  3 dart slugs
  6 leopard geckos
  14 orcs
  4 bats
  5 giant cockroaches
  12 goblins
  8 hobgoblins
  2 jackals (D:2)
  13 kobolds
  A quokka (D:2)
  A ball python (D:3)
  4 frilled lizards
  9 rats
103 creatures vanquished.

Notes
Turn   | Place    | Note
-------+----------+-------------------------------------------
     0 | D:1      | Vandroopy the Human Fighter began the quest for the Orb.
     0 | D:1      | Reached XP level 1. HP: 18/18 MP: 1/1
   266 | D:1      | Reached XP level 2. HP: 24/24 MP: 2/2
   561 | D:1      | Reached XP level 3. HP: 29/29 MP: 3/3
  1597 | D:2      | Reached XP level 4. HP: 35/35 MP: 4/4
  1866 | D:2      | Found an iron altar of Okawaru.
  1874 | D:2      | Became a worshipper of Warmaster Okawaru
  2219 | D:2      | Found a shadowy altar of Dithmenos.
  2244 | D:3      | Noticed Ijyb
  2266 | D:3      | Killed Ijyb
  2267 | D:3      | Reached skill level 3 in Short Blades
  2267 | D:3      | Reached XP level 5. HP: 35/41 MP: 5/5
  2673 | D:3      | Noticed Terence
  2687 | D:3      | Killed Terence
  2688 | D:3      | Reached skill level 1 in Dodging
  2713 | D:3      | Found a blossoming altar of Fedhas.
  3202 | D:3      | Reached XP level 6. HP: 27/47 MP: 6/6
  3508 | D:4      | Found a radiant altar of Vehumet.
  3634 | D:4      | Reached skill level 4 in Short Blades
  4154 | D:4      | Reached * piety under Okawaru
  4155 | D:4      | Reached XP level 7. HP: 51/53 MP: 7/7
  4249 | D:5      | Entered Level 5 of the Dungeon
  4260 | D:5      | Reached skill level 5 in Short Blades
  4689 | D:5      | Reached skill level 6 in Short Blades
  4702 | D:5      | HP: 2/54 [poisoned by a big kobold]
  4704 | D:5      | Succumbed to a big kobold's poison

Illustrated notes

Levels and vault maps discovered:
D:1:      onia_arrival_mini_maze, layout_loops_corners, minmay_nonomino_d4
D:2:      layout_basic, lemuel_coloured_pillars_altar,
          okawaru_altar_gauntlet_db, eino_tiny_chamber
D:3:      layout_basic, grunt_ministairs_2, fedhas_altar_1, uniq_terence,
          uniq_ijyb
D:4:      layout_basic, fiery_altar_vehumet, serial_park_tiny_2
D:5:      cheibrodos_thug_alley, layout_basic, uniq_blork_the_orc

Skill      XL: |  1  2  3  4  5  6  7 |
---------------+----------------------+-----
Short Blades   | 3 4 6 |  6.0
Armour         | 4 |  4.6
Dodging        | 1 |  1.5
Shields        | 4 |  4.2
Fighting       | 4 |  4.0

Action                   |  1- 3 |  4- 6 |  7- 9 || total
-------------------------+-------+-------+-------++-------
Melee: Rapier            |    95 |   249 |    98 ||   442
Evoke: Wand              |       |     7 |       ||     7
  Use: Scroll            |     2 |     6 |     5 ||    13
       Potion            |       |     3 |     6 ||     9
Armor: Scale mail        |    24 |    38 |       ||    62
       Plate armour      |       |    46 |    53 ||    99
       Chain mail        |       |     5 |       ||     5
Dodge: Dodged            |    27 |    71 |    26 ||   124
Block: Kite shield       |    48 |   131 |    52 ||   231
